 Dungeon Crawl Stone Soup version 0.27-a0-795-ge5c3fa52fd (webtiles) character file.

Game seed: 6950743897022840941

70 EnegeticOcto the Magician (level 4, -2/34 HPs)
             Began as a Djinni Conjurer on Mar 27, 2021.
             Slain by a ball python (3 damage)
             ... on level 3 of the Dungeon.
             The game lasted 00:02:10 (278 turns).

EnegeticOcto the Magician (Djinni Conjurer)          Turns: 278, Time: 00:02:11

Health: -2/34      AC:  2    Str:  6    XL:     4   Next: 21%
Gold:   9          EV:  9    Int: 21    God:
                   SH:  0    Dex: 11

rFire    + + .     SeeInvis .   d - +0 mace
rCold    x . .     Faith    .   (no shield)
rNeg     . . .     Spirit   .   a - +0 robe
rPois    ∞         Reflect  .   (no helmet)
rElec    .         Harm     .   (no cloak)
rCorr    .         Rampage  .   (no gloves)
Will     .....                  (boots unavailable)
Stlth    ++........             (no amulet)
HPRegen  0.11/turn              (no ring)
MPRegen  0.00/turn              (no ring)

@: attractive, flying, constricted
A: fire resistance 2, cold vulnerability 1, float, innate caster, hp casting,
extra vitality 1
a: no special abilities


You were on level 3 of the Dungeon.
You visited 1 branch of the dungeon, and saw 3 of its levels.

You collected 9 gold pieces.

Inventory:

Hand Weapons
 d - a +0 mace (weapon)
   (You took it off Terence on level 2 of the Dungeon)
Armour
 a - a +0 robe (worn)
Scrolls
 e - a scroll of teleportation {unknown}


   Skills:
 + Level 2.4 Fighting
 - Level 2.1 Dodging
 - Level 1.5 Stealth
 + Level 4.3 Spellcasting


You couldn't memorise any spells.
You knew the following spells:

 Your Spells              Type           Power      Damage    Failure   Level
a - Magic Dart            Conj           88%        1d7       1%          1
b - Searing Ray           Conj           44%        3d4       3%          2
c - Dazzling Flash        Conj/Hex       44%        N/A       6%          3
d - Fulminant Prism       Conj/Hex       11%        3d9       21%         4
e - Iskenderun's Mystic   Conj/Tloc      22%        2d6       21%         4
f - Shock                 Conj/Air       88%        1d8       1%          1
Your spell library was empty.

Dungeon Overview and Level Annotations

Branches:
Dungeon (3/15)

Altars:


Innate Abilities, Weirdness & Mutations

You are immune to poison.
Your flesh is very heat resistant. (rF++)
You are vulnerable to cold. (rC-)
You float through the air rather than walking.
You learn spells naturally, not from books.
Your magical power is your life essence.
You have superior vitality. (+4 HP)


Message History

The searing ray hits Terence.
You kill Terence!
* * * LOW HITPOINT WARNING * * *
You finish channeling your searing ray.
Your Spellcasting skill increases to level 4!
You have reached level 3!
Your experience leads to an increase in your attributes!
Increase (s)trength, (i)ntelligence, or (d)exterity?
You feel clever.
The power to cast Shock wells up from within.
Spell assigned to 'f'.
c - a fuming blue potion
Things that are here:
a +0 mace; a +0 ring mail
Things that are here:
a +0 mace; a +0 ring mail
d - a +0 mace (weapon)
You see here a jackal corpse.
Found a scroll labelled DAACWO JUHUALY.
e - a scroll labelled DAACWO JUHUALY A phantom comes into view.
There is an escape hatch in the floor here.
Really go through this one-way escape hatch?
You fly downwards.
The hatch slams shut behind you.
A bat, a ball python, an endoplasm, a hobgoblin and 3 orcs come into view.
The endoplasm quivers.
Found a leatherbound book.
Found two stone staircases leading up.
The orc shouts!
The orc wizard shouts!
The orc shouts!
The bat misses you.
An adder comes into view.
The bat misses you. The bat hits you but does no damage.
The adder moves out of view.
The ball python hisses angrily.
The bat hits you. x2
* * * LOW HITPOINT WARNING * * *
The bat hits you but does no damage. The adder completely misses you.
The bat misses you.
Casting: Searing Ray (safe; 3% risk of failure)
Confirm with . or Enter, or press ? or * to list all spells.
Aiming: Searing Ray (safe; 3% risk of failure)
Press: ? - help, Shift-Dir - straight line, f - adder
Aim: an adder (37% to evade)
The searing ray hits the adder!
The adder is severely wounded. (Press . to maintain the ray.)
* * * LOW HITPOINT WARNING * * *
The bat misses you. The adder misses you.
The searing ray hits the adder!
You kill the adder!
* * * LOW HITPOINT WARNING * * *
The bat misses you.
Your Fighting skill increases to level 2!
Casting: Searing Ray (safe; 3% risk of failure)
Confirm with . or Enter, or press ? or * to list all spells.
Aiming: Searing Ray (safe; 3% risk of failure)
Press: ? - help, Shift-Dir - straight line, f - orc wizard
Aim: an orc wizard, wielding a +0 dagger and wearing a +0 robe (28% to evade)
The searing ray hits the orc!
You kill the orc!
The searing ray hits the orc wizard!
The orc wizard is heavily wounded. (Press . to maintain the ray.)
* * * LOW HITPOINT WARNING * * *
The bat barely misses you.
The searing ray hits the orc wizard!
You kill the orc wizard!
* * * LOW HITPOINT WARNING * * *
The bat hits you.
* * * LOW HITPOINT WARNING * * *
You have reached level 4!
You feel clever.
The searing ray hits the bat.
You kill the bat!
The searing ray hits the ball python.
The ball python is severely wounded.
* * * LOW HITPOINT WARNING * * *
Okay, then.
It was a potion of attraction.
You feel attractive to monsters. The endoplasm is pulled toward you!
The orc is pulled toward you!
Okay, then.
As you read the scroll labelled UTEOVIFOUFF, it crumbles to dust.
You feel aware of your surroundings.
It was a scroll of magic mapping.
The ball python bites you but does no damage.
The ball python grabs you. The ball python constricts you.
Hit: d) +0 mace
Press: ? - help, Dir - move target, f - ball python
Aim: a ball python (severely wounded, constricting you, about 47% to evade your +0 mace)
Okay, then.
Unknown command.
You hit the endoplasm.
The endoplasm is lightly wounded.
The endoplasm hits you but does no damage.
The ball python misses you.
* * * LOW HITPOINT WARNING * * *
The ball python constricts you.
The endoplasm hits you but does no damage.
The ball python bites you.
You die...

*** *,,,,,* ,,**
#.....# ,,,** #.....#
,..,* #.....#
,...####* ##.....#
,...#...###......#
,..g.............#
,..............J.#
,..^...o..#...oS@#
,...J.....##.#####
,........#o..#
,.........S###*******
,.........#...,,,,,,*
,.........#.....,,,,*
,..#............,,,,*
,.*##...<:......,,,,*
***...###.......,,,,*


You could see an orc, an endoplasm and a ball python.

Vanquished Creatures
  An orc wizard (D:3)
  Terence (D:2)
  An adder (D:3)
  An orc (D:3)
  3 bats
  2 bat zombies (D:1)
  An endoplasm (D:2)
  2 jackals (D:2)
  2 frilled lizards (D:2)
14 creatures vanquished.

Notes
Turn   | Place    | Note
-------+----------+-------------------------------------------
     0 | D:1      | EnegeticOcto the Djinni Conjurer began the quest for the
                  | Orb.
     0 | D:1      | Reached XP level 1. HP: 15/15 MP: 0/0
   129 | D:2      | Reached skill level 1 in Fighting
   129 | D:2      | Reached XP level 2. HP: 12/22 MP: 0/0
   164 | D:2      | Noticed Terence
   196 | D:2      | Killed Terence
   197 | D:2      | Reached skill level 4 in Spellcasting
   197 | D:2      | Reached XP level 3. HP: 4/28 MP: 0/0
   197 | D:2      | Learned a level 1 spell: Shock
   259 | D:2      | Noticed a phantom
   273 | D:3      | Reached skill level 2 in Fighting
   275 | D:3      | Reached XP level 4. HP: 2/34 MP: 0/0
   278 | D:3      | HP: 1/34 [ball python (1)]
   278 | D:3      | Slain by a ball python

Illustrated notes

Levels and vault maps discovered:
D:1:      saegor_arrival_fortress, layout_basic, minivault_11,
          minmay_gold_behind_fungi
D:2:      layout_basic, lemuel_crystal_altar, lemuel_round_altar,
          elyvilon_altar_1, uniq_terence
D:3:      layout_rooms, uniq_robin, uniq_sigmund, uniq_jessica

Skill      XL: |  1  2  3 |
---------------+----------+-----
Fighting       | 1 2 |  2.4
Spellcasting   | 4 |  4.3
Dodging        | |  2.1
Stealth        | |  1.5

Action                   |  1- 3 |  4- 6 || total
-------------------------+-------+-------++-------
Melee: Mace              |       |     1 ||     1
 Cast: Magic Dart        |    14 |       ||    14
       Searing Ray       |     4 |       ||     4
  Use: Scroll            |       |     1 ||     1
       Potion            |       |     1 ||     1
Armor: Robe              |     4 |     3 ||     7
Dodge: Dodged            |    14 |     1 ||    15

Table legend: (Time is in decaauts)
 A = Elapsed time spent in this place.
 B = Non-inter-level travel time spent in this place.
 C = Inter-level travel time spent in this place.
 D = Time resting spent in this place.
 E = Time spent auto-exploring this place.
 F = Levels seen in this place.
 G = Mean time per level.
                   A        B        C        D        E       F      G
               +--------+--------+--------+--------+--------+-----+--------+
         Total |    277 |    274 |      3 |      0 |      0 |   3 |   92.3 |
       Dungeon |    277 |    274 |      3 |      0 |      0 |   3 |   92.3 |
               +--------+--------+--------+--------+--------+-----+--------+

Top non-repeatable levels by time:
     D:2: 214 daAuts
     D:1: 47 daAuts
     D:3: 15 daAuts
